 Dungeon Crawl Stone Soup version 0.29.0-5-ge4962eb29e (webtiles) character file.

Game seed: 6844652287169671889

483 Sobieck the Trooper (level 7, -1/71 HPs)
             Began as an Ogre Transmuter on Aug 28, 2022.
             Slain by a black bear (8 damage)
             ... on level 4 of the Dungeon.
             The game lasted 00:08:30 (5213 turns).

Sobieck the Trooper (Ogre Transmuter)               Turns: 5213, Time: 00:08:31

Health: -1/71      AC:  4    Str: 15    XL:     7   Next: 12%
Magic:  10/10      EV: 10    Int: 16    God:
Gold:   229        SH:  0    Dex:  9    Spells: 7/10 levels left

rFire   . . .      SeeInvis .     - Unarmed
rCold   . . .      Faith    .   (no shield)
rNeg    . . .      Spirit   .   v - +1 robe {Will+}
rPois   .          Reflect  .   (helmet currently unavailable)
rElec   .          Harm     .   (no cloak)
rCorr   .          Rampage  .   (gloves unavailable)
Will    +....                   (boots unavailable)
Stlth   +.........              (no amulet)
HPRegen 0.21/turn               (no ring)
MPRegen 0.12/turn               (no ring)

@: appendages, hasted, very quick
A: horns 2, talons 2, large, unfitting armour, tough skin 1
a: End Transformation


You were on level 4 of the Dungeon.
You had temporarily grown beastly horns and talons.
You visited 1 branch of the dungeon, and saw 5 of its levels.

You collected 229 gold pieces.


Innate Abilities, Weirdness & Mutations

You have temporarily grown beastly horns and talons.
You are too large for most types of armour.
You have tough skin. (AC +1)


   Skills:
 + Level 4.9 Fighting
 - Level 2.0 Dodging
 + Level 4.2 Unarmed Combat
 - Level 2.4 Spellcasting
 * Level 4.8 Transmutations


You had 7 spell levels left.
You knew the following spells:

 Your Spells              Type           Power      Damage    Failure   Level
a - Beastly Appendage     Tmut           34%        N/A       2%          1
b - Wereblood             Tmut           17%        N/A       4%          2

Your spell library contained the following spells:

 Spells                   Type           Power      Damage    Failure   Level
 Spider Form              Tmut/Pois      9%         N/A       22%         3
 Frozen Ramparts          Ice            2%         1d1       52%         3
 Ice Form                 Ice/Tmut       9%         N/A       58%         4
 Summon Ice Beast         Ice/Summ       1%         N/A       89%         4

Inventory:

Hand Weapons
 b - a +0 sling of freezing
   (You found it on level 1 of the Dungeon)
 e - a +0 mace {mace}
   (You found it on level 1 of the Dungeon)
 i - a +0 dagger {short}
   (You took it off a goblin on level 1 of the Dungeon)
Missiles
 l - 41 stones {throwing}
 y - 7 poisoned darts {throwing}
Armour
 a - a +0 robe
 d - a +0 robe
   (You found it on level 1 of the Dungeon)
 n - a +2 hat (melded)
   (You found it on level 2 of the Dungeon)
 u - a +0 robe
   (You took it off an orc wizard on level 2 of the Dungeon)
 v - a +1 robe of willpower (worn)
   (You took it off an orc wizard on level 3 of the Dungeon)
 x - a +0 robe
   (You found it on level 3 of the Dungeon)
 z - a +0 robe
   (You found it on level 4 of the Dungeon)
Scrolls
 c - 2 scrolls of identify {unknown}
 h - 2 scrolls of torment {unknown}
 k - 3 scrolls of noise {unknown}
 o - a scroll of brand weapon {unknown}
 p - 2 scrolls of butterflies {unknown}
 q - a scroll of immolation {unknown}
 s - 3 scrolls of enchant armour {unknown}
 w - a scroll of magic mapping {unknown}
Potions
 f - a potion of haste {@q3}
 g - 2 potions of curing {@q1}
 j - a potion of lignification {!q}
 m - a potion of heal wounds {unknown}
 r - a potion of attraction {unknown}
 t - a potion of degeneration {unknown}

Dungeon Overview and Level Annotations

Branches:
Dungeon (5/15) Zot: 24779
 Temple: D:4-7

Altars:

# #.###
#..###.....###....
#######>..#
#...............##
..........#
#.####.########.##
#########.######.#
#.# #...
#........# #.#
#### #.######.#
#.# #.# #.# #.#
#.# #h####.# #.#
#@)....#
#.#############
#.........#
#########.# #.#
#.#
#.###############
#................
#################


You could see a black bear.


Message History

Unknown command.
Unknown command.
You start resting.
Unknown command.
You start resting.
Your transformation is almost over.
Unknown command.
(D) Dungeon
Where to? (Enter - D:4, ? - help)
Your horns disappear.
Your talons disappear.
Your +2 hat unmelds from your body.
You see here a jackal skeleton.
There is a stone staircase leading down here.
You climb downwards.
The orc shouts! x3; You hear a bark!
You hear an angry hiss.
The orc shouts!
Found five items.
Found an escape hatch in the floor.
Found a stone staircase leading down.
There is a stone staircase leading up here.
There are monsters nearby!
Unknown command.
Danger!
Unknown command.
You hear an angry hiss.
The black bear growls angrily.
The orc priest looks encouraged for a moment.
The black bear bites you but does no damage.
The black bear barely misses you. The black bear claws you.
The orc priest invokes the aid of Beogh against you.
Beogh smites you! The orc closely misses you.
You hear a bark!
You climb upwards.
There is a stone staircase leading down here.
Unknown command.
Unknown command.
Casting: Beastly Appendage (safe; 2% risk of failure)
Confirm with . or Enter, or press ? or * to list all spells.
You grow a pair of large bovine horns.
Your feet morph into talons.
Your +2 hat melds into your body.
The orc closely misses you. The black bear bites you.
The black bear claws you but does no damage. x2
Unknown command.
You completely miss the orc. You claw the orc, but do no damage.
You headbutt the orc, but do no damage. You barely miss the orc.
You claw the orc, but do no damage. You headbutt the orc.
The orc hits you with a +0 flail!
The black bear bites you but does no damage.
The black bear claws you. x2
You hit the orc but do no damage. You claw the orc, but do no damage.
The orc hits you with a +0 flail!
* * * LOW HITPOINT WARNING * * *
The black bear barely misses you. The black bear claws you.
* * * LOW HITPOINT WARNING * * *
The black bear closely misses you.
You hit the orc but do no damage. You claw the orc.
Your headbutt misses the orc. The orc hits you with a +0 flail.
* * * LOW HITPOINT WARNING * * *
The black bear bites you but does no damage.
The black bear claws you but does no damage. x2
You hit the orc but do no damage. The orc hits you with a +0 flail.
* * * LOW HITPOINT WARNING * * *
The black bear closely misses you. x2; The black bear barely misses you.
You punch the orc!
You kill the orc!
The black bear bites you.
* * * LOW HITPOINT WARNING * * *
The black bear claws you.
* * * LOW HITPOINT WARNING * * *
The black bear barely misses you.
Unknown command.
It was a potion of haste.
You feel yourself speed up. The black bear barely misses you. x3
You hit the black bear.
You headbutt the black bear, but do no damage.
The black bear bites you!
* * * LOW HITPOINT WARNING * * *
The black bear closely misses you. The black bear claws you.
* * * LOW HITPOINT WARNING * * *
You barely miss the black bear.
You claw the black bear, but do no damage.
Your headbutt misses the black bear. You barely miss the black bear.
Your headbutt misses the black bear. The black bear closely misses you.
The black bear misses you. x2
You punch the black bear! Your kick misses the black bear.
Your headbutt misses the black bear.
The black bear bites you but does no damage.
The black bear claws you but does no damage.
The black bear closely misses you.
You hit the black bear. You claw the black bear.
You barely miss the black bear. You claw the black bear.
The black bear bites you but does no damage.
The black bear completely misses you. The black bear barely misses you.
You hit the black bear but do no damage.
Your headbutt misses the black bear.
The black bear bites you but does no damage.
The black bear claws you but does no damage.
The black bear claws you.
* * * LOW HITPOINT WARNING * * *
You closely miss the black bear.
You claw the black bear, but do no damage.
You barely miss the black bear. The black bear bites you!
You die...

Skill      XL: |  1  2  3  4  5  6 |
---------------+-------------------+-----
Transmutations | 2 3 4 |  4.8
Dodging        | 2 |  2.0
Fighting       | 2 3 4 |  4.9
Unarmed Combat | 3 4 |  4.2
Spellcasting   | |  2.4

Action                   |  1- 3 |  4- 6 |  7- 9 || total
-------------------------+-------+-------+-------++-------
Melee: Unarmed           |    86 |   132 |    33 ||   251
       Kick              |    18 |    34 |     9 ||    61
       Headbutt          |     5 |    12 |     4 ||    21
       Punch             |     2 |     5 |       ||     7
 Fire: Sling             |    70 |    60 |    22 ||   152
 Cast: Beastly Appendage |    15 |    11 |     3 ||    29
       Wereblood         |       |       |     1 ||     1
  Use: Potion            |       |     1 |     1 ||     2
Armor: Robe              |    48 |    43 |    24 ||   115
Dodge: Dodged            |    66 |    49 |    32 ||   147

Levels and vault maps discovered:
D:1:      sevenhm_arrival_forest_fort_small_6, layout_rooms,
          minmay_misc_feat_four_crosses
D:2:      layout_loops_ring, grunt_ministairs_8
D:3:      layout_rooms
D:4:      layout_loops_ring, kennysheep_generic_room_16
D:5:      layout_rooms, tgw_kikubaaqudgha, kennysheep_generic_room_12,
          uniq_blork_the_orc

Notes
Turn   | Place    | Note
-------+----------+-------------------------------------------
     0 | D:1      | Sobieck the Ogre Transmuter began the quest for the Orb.
     0 | D:1      | Reached XP level 1. HP: 19/19 MP: 3/3
   320 | D:1      | Reached skill level 2 in Transmutations
   499 | D:1      | Reached XP level 2. HP: 25/28 MP: 5/5
   505 | D:1      | Reached skill level 2 in Dodging
   948 | D:2      | Reached skill level 2 in Fighting
  1132 | D:2      | Reached XP level 3. HP: 35/35 MP: 6/6
  1296 | D:2      | Reached skill level 3 in Unarmed Combat
  2169 | D:2      | Reached skill level 3 in Transmutations
  2169 | D:2      | Reached XP level 4. HP: 26/44 MP: 5/7
  2310 | D:2      | Reached skill level 3 in Fighting
  2483 | D:3      | Reached XP level 5. HP: 29/53 MP: 8/8
  2849 | D:3      | You pick up a book of Rime and begin reading...
  2849 | D:3      | You add the spells Frozen Ramparts and Summon Ice Beast to
                  | your library.
  3072 | D:4      | HP: 12/53 [poisoned by a scorpion]
  3077 | D:4      | HP: 13/53 [poisoned by a scorpion]
  3082 | D:4      | HP: 8/53 [poisoned by a scorpion]
  3433 | D:4      | Reached skill level 4 in Transmutations
  3433 | D:4      | Reached XP level 6. HP: 48/62 MP: 9/9
  3671 | D:4      | Reached skill level 4 in Fighting
  4166 | D:4      | Reached skill level 4 in Unarmed Combat
  4713 | D:4      | Learned a level 2 spell: Wereblood
  4763 | D:4      | Reached XP level 7. HP: 71/71 MP: 10/10
  5191 | D:5      | Entered Level 5 of the Dungeon
  5203 | D:4      | HP: 17/71 [black bear (4)]
  5205 | D:4      | HP: 7/71 [black bear (3)]
  5211 | D:4      | HP: 7/71 [black bear (1)]
  5213 | D:4      | Slain by a black bear

Vanquished Creatures
  A necrophage (D:4)
  A scorpion (D:4)
  2 hounds (D:4)
  2 orc priests
  2 orc wizards
  4 adders
  8 gnolls (D:4)
  A worm (D:3)
  6 orcs
  5 bats
  6 endoplasms
  3 giant cockroaches
  6 goblins
  5 hobgoblins
  4 jackals (D:4)
  7 quokkas
  4 ball pythons
  4 frilled lizards
  9 kobolds
  7 rats
87 creatures vanquished.

Table legend:
 A = Non-vault XP
 B = Vault XP
 C = Vault XP percentage of total XP
 D = Non-vault monster count
 E = Vault monster count
 F = Vault count percentage of total count
                 A         B        C        D         E       F
            +---------+---------+-------+---------+---------+-------
      Total |     687 |       3 |   0.4 |      85 |       2 |   2.3
            +---------+---------+-------+---------+---------+-------
        D:1 |      19 |       0 |   0.0 |      14 |       0 |   0.0
        D:2 |     108 |       3 |   2.7 |      15 |       2 |  11.8
        D:3 |      69 |       0 |   0.0 |      18 |       0 |   0.0
        D:4 |     491 |       0 |   0.0 |      38 |       0 |   0.0
            +---------+---------+-------+---------+---------+-------

Illustrated notes

Table legend:
 A = Kills in this place as a percentage of kills in entire the game.
 B = Kills by you in this place as a percentage of kills by you in the entire game.
 C = Kills by friends in this place as a percentage of kills by friends in the entire game.
 D = Other kills in this place as a percentage of other kills in the entire game.
 E = Experience gained in this place as a percentage of experience gained in the entire game.
 F = Experience gained in this place divided by the number of levels of this place that you have seen.
                   A       B       C       D       E      F
               +-------+-------+-------+-------+-------+----------------------
         Total | 100.0 | 100.0 |   N/A |   N/A | 100.0 | 138.0
       Dungeon | 100.0 | 100.0 |   N/A |   N/A | 100.0 | 138.0
               +-------+-------+-------+-------+-------+----------------------

Table legend: (Time is in decaauts)
 A = Elapsed time spent in this place.
 B = Non-inter-level travel time spent in this place.
 C = Inter-level travel time spent in this place.
 D = Time resting spent in this place.
 E = Time spent auto-exploring this place.
 F = Levels seen in this place.
 G = Mean time per level.
                   A        B        C        D        E       F      G
               +--------+--------+--------+--------+--------+-----+--------+
         Total |   5220 |   5112 |    108 |   1658 |   2676 |   5 | 1044.0 |
       Dungeon |   5220 |   5112 |    108 |   1658 |   2676 |   5 | 1044.0 |
               +--------+--------+--------+--------+--------+-----+--------+

Top non-repeatable levels by time:
     D:4: 2201 daAuts
     D:2: 1198 daAuts
     D:1: 934 daAuts
     D:3: 881 daAuts
     D:5: 4 daAuts
